 Dungeon Crawl Stone Soup version 0.19-a0-517-gd6a9987 (webtiles) character file.

1932 Kilingo the Shield-Bearer (level 9, 0/54 HPs)
             Began as a Gargoyle Fighter on June 7, 2016.
             Slain by an orc warrior
             ... wielding a +0 short sword
              (11 damage)
             ... on level 7 of the Dungeon.
             The game lasted 01:00:29 (6568 turns).

Kilingo the Shield-Bearer (Gargoyle Fighter)        Turns: 6568, Time: 01:00:30

Health: 0/54       AC: 13    Str: 18 (22) XL:     9   Next: 17%
Magic:  8/8        EV:  9    Int:  9      God:
Gold:   340        SH: 10    Dex:  6 (10) Spells: 0 memorised, 8 levels left

rFire  . . .     SeeInvis .     a - +0 flail
rCold  . . .     Gourm    .     b - +0 scale mail
rNeg   + . .     Faith    .     c - +0 shield
rPois  ∞         Spirit   .     p - -2 helmet (curse)
rElec  +         Dismiss  .     I - +0 cloak
rCorr  .         Reflect  .     (no gloves)
SustAt .         Harm     .     (no boots)
MR     .....                    (no amulet)
Stlth  ..........               (no ring)
                                (no ring)

@: not resistant to hostile enchantments, extremely unstealthy
A: deterioration 1, low mp 1, negative energy resistance 1, electricity
resistance, wild magic 1, unbreathing, petrification resistance, rot immunity,
AC +5
a: no special abilities


You were on level 7 of the Dungeon.
You were not hungry.

You visited 1 branch of the dungeon, and saw 7 of its levels.

You collected 388 gold pieces.
You spent 48 gold pieces at shops.

Inventory:

Hand Weapons
 a - a +0 flail (weapon)
Missiles
 q - 12 tomahawks (quivered)
 x - 2 throwing nets
Armour
 b - a +0 scale mail (worn)
 c - a +0 shield (worn)
 p - a cursed -2 helmet (worn)
 t - a +0 chain mail
 I - a +0 cloak (worn)
Jewellery
 B - an uncursed amulet of the gourmand
 J - a +5 ring of evasion {unknown}
 M - an uncursed amulet of regeneration {unknown}
Wands
 w - a wand of polymorph (11/24)
Scrolls
 g - 2 scrolls of fear {unknown}
 h - 2 scrolls of magic mapping
 k - 2 scrolls of amnesia {unknown}
 o - a scroll of remove curse {unknown}
 u - a scroll of blinking {unknown}
 v - 2 scrolls of teleportation
 C - a scroll of fog {unknown}
 D - 2 scrolls of recharging {unknown}
 F - 2 scrolls of noise {unknown}
 H - a scroll of enchant weapon {unknown}
 K - a scroll of immolation {unknown}
Potions
 e - a potion of mutation
 i - a potion of brilliance {unknown}
 r - 2 potions of invisibility
 s - a potion of berserk rage {unknown}
 z - 3 potions of curing
 E - 2 potions of lignification {unknown}
 G - a potion of beneficial mutation {unknown}
 L - a potion of ambrosia {unknown}
 N - a potion of haste
Comestibles
 d - a beef jerky
 f - 5 bread rations
 j - a slice of pizza
 l - a fruit
 m - 4 chunks of flesh
 n - 4 meat rations


   Skills:
 + Level 5.4 Fighting
 + Level 5.3 Maces & Flails
 + Level 6.3 Armour
 + Level 4.8 Dodging
 + Level 7.1 Shields
 + Level 0.3 Evocations


You had 8 spell levels left.
You didn't know any spells.

Dungeon Overview and Level Annotations

Branches:
Dungeon (7/15)             Temple (0/1) D:5

Altars:
Ashenzari
Cheibriados
Ru
Zin

Shops:
D:7 *

Annotations:
D:4 Dowan, Duvessa


Innate Abilities, Weirdness & Mutations

You are resistant to torment.
Your stone body is resilient. (AC +5)
You are immune to poison.
You resist negative energy. (rN+)
You are resistant to electric shocks. (rElec)
You can survive without breathing.
You are immune to petrification.
You are immune to rotting.
Your body sometimes deteriorates upon taking damage.
Your magical capacity is low. (-10% MP)
Your spells are a little harder to cast, but a little more powerful.


Message History

The orc warrior misses you.
You hit the orc warrior.
The orc warrior is lightly wounded.
You block the orc warrior's attack.
You closely miss the orc warrior.
The orc warrior is lightly wounded.
The orc warrior hits you with a short sword.
You hit the orc warrior but do no damage.
The orc warrior is lightly wounded.
The orc warrior hits you with a short sword!
Your body deteriorates!
You feel clumsy.
You sock the orc warrior!
The orc warrior is moderately wounded.
You block the orc warrior's attack.
You hit the orc warrior.
The orc warrior is severely wounded.
The orc warrior hits you with a short sword!
* * * LOW HITPOINT WARNING * * *
The orc warrior hits you with a short sword!
You die...

#########
##......!.
##(@o#####
#..........
####....######
#.)....##
#.##.###
#.##.# #.##.#
#.##.# #.##.#


You could see an orc warrior.

Vanquished Creatures
  Sigmund (D:6)
  Eustachio (D:6)
  A sky beast (D:5)
  2 ice beasts
  An ogre (D:6)
  A centaur (D:5)
  4 giant frogs
  A water moccasin zombie (D:6)
  2 scorpions
  2 howler monkeys
  A centaur zombie (D:6)
  2 giant frog zombies
  A hound (D:4)
  Crazy Yiuf (D:7)
  A centaur skeleton (D:7)
  An orc priest (D:4)
  3 orc wizards
  A giant frog skeleton (D:6)
  2 iguanas
  Ijyb (D:2)
  2 worker ants
  2 hound zombies
  A mummy (D:6)
  3 adders
  4 gnolls
  An ooze (D:4)
  An adder skeleton (D:4)
  4 worms
  5 giant geckos
  19 orcs
  2 ball pythons
  4 bats (D:3)
  5 giant cockroaches
  9 goblins
  7 hobgoblins
  11 jackals
  3 quokkas
  6 giant newts
  A jackal zombie (D:6)
  11 kobolds
  A quokka skeleton (D:5)
  8 rats
140 creatures vanquished.

Notes
Turn   | Place    | Note
--------------------------------------------------------------
     0 | D:1      | Kilingo the Gargoyle Fighter began the quest for the Orb.
     0 | D:1      | Reached XP level 1. HP: 14/14 MP: 1/1
   171 | D:1      | Reached XP level 2. HP: 13/19 MP: 2/2
   243 | D:1      | Gained mutation: Your spells are a little harder to cast, but a little more powerful. [potion of mutation]
   243 | D:1      | Gained mutation: Your body sometimes deteriorates upon taking damage. [potion of mutation]
   243 | D:1      | Gained mutation: Your magical capacity is low. (-10% MP) [potion of mutation]
   368 | D:1      | Reached XP level 3. HP: 17/23 MP: 2/2
  1197 | D:2      | Reached skill level 1 in Dodging
  1404 | D:2      | Reached skill level 4 in Shields
  1404 | D:2      | Reached XP level 4. HP: 28/28 MP: 3/3
  1485 | D:2      | Noticed Ijyb
  1521 | D:2      | Killed Ijyb
  1563 | D:2      | Found a glowing silver altar of Zin.
  1758 | D:2      | You fall through a shaft for 2 floors!
  1765 | D:4      | Reached XP level 5. HP: 29/33 MP: 4/4
  2022 | D:4      | Reached skill level 5 in Shields
  2085 | D:3      | Reached XP level 6. HP: 38/38 MP: 5/5
  2675 | D:3      | Found a sacrificial altar of Ru.
  2675 | D:3      | Found a shattered altar of Ashenzari.
  3733 | D:4      | Noticed Dowan
  3736 | D:4      | Noticed Duvessa
  4416 | D:5      | Entered Level 5 of the Dungeon
  4451 | D:5      | Reached XP level 7. HP: 35/43 MP: 6/6
  4631 | D:5      | Found a staircase to the Ecumenical Temple.
  4914 | D:5      | Reached skill level 5 in Armour
  5137 | D:6      | Noticed Sigmund
  5148 | D:6      | Killed Sigmund
  5148 | D:6      | Reached skill level 6 in Shields
  5148 | D:6      | Reached XP level 8. HP: 48/48 MP: 7/7
  5259 | D:6      | Noticed Eustachio
  5290 | D:5      | Reached skill level 5 in Fighting
  5556 | D:6      | Found a snail-covered altar of Cheibriados.
  5857 | D:6      | Reached skill level 5 in Maces & Flails
  6135 | D:6      | Killed Eustachio
  6135 | D:6      | Reached XP level 9. HP: 33/54 MP: 8/8
  6403 | D:7      | Reached skill level 7 in Shields
  6414 | D:7      | Found Eroyriph's General Store.
  6425 | D:7      | Bought a potion of curing for 48 gold pieces
  6440 | D:7      | Noticed Crazy Yiuf
  6447 | D:7      | Killed Crazy Yiuf
  6568 | D:7      | Slain by an orc warrior

Vault maps used:
D:1:      minmay_arrival_diagonal_passages
D:2:      zin_statuary, uniq_iyjb
D:3:      gammafunk_temple_overflow_pools
D:4:      uniq_duvessa
D:5:      minmay_temple_entry_from_below_a, first_bread, corexii_shack
D:6:      slow_altar_2, uniq_eustachio, uniq_sigmund
D:7:      serial_shops, shop, nicolae_shop_crystal, kennysheep_little_box, shop,
          nicolae_shop_behind_doors, uniq_crazy_yiuf_cottage

Skill      XL: |  1  2  3  4  5  6  7  8  9 |
---------------+----------------------------+-----
Dodging        | 1 2 3 4 |  4.8
Armour         | 4 5 6 |  6.3
Shields        | 4 5 6 7 |  7.1
Maces & Flails | 3 4 5 |  5.3
Fighting       | 4 5 |  5.4
Evocations     | |  0.3

Action                   |  1- 3 |  4- 6 |  7- 9 || total
-------------------------+-------+-------+-------++-------
Melee: Flail             |   147 |   279 |   286 ||   712
Evoke: Wand              |       |     1 |       ||     1
  Use: Potion            |     2 |     1 |     2 ||     5
       Scroll            |       |     3 |     4 ||     7
 Stab: Invisible         |       |       |     1 ||     1
  Eat: Chunk             |     2 |     8 |     6 ||    16
       Fruit             |       |     2 |     2 ||     4
Armor: Scale mail        |    56 |   121 |   194 ||   371
Dodge: Dodged            |    47 |    98 |   164 ||   309
Block: Shield            |    61 |   134 |   186 ||   381
